nyob, chaotic male orcish Barbarian ---- --- -- |..----.---.| --- --- |...--..........| ---- --.--- -....h@........| --... --- |....| --.........h!...-- |........... ---)|..|--................- -........<.*|.---.....--..............>....| -...... -.--|.||.G....--......--- .........| ........ ..| |.--d--..........-- .......| -.......... --- |....|----......-- ..---- ..(........ |..--- -..---- -- |..... ------ |..| .| --- |..| ..| |..| ..- |..| .. |..| -%- |..- --- |.. |.. --- nyob the Pillager Experience level: 5 Strength: 18 Dexterity: 17 Constitution: 17 Intelligence: 4 Wisdom: 8 Charisma: 7 Health: 0(35) Energy: 14(14) Def: 6 Gold: 336 Moves: 1345 Dungeon seed: 1H2h7BGbgSmlLj5f Game ID: nyob_1522429964 Your Inventory: Coins $ - 336 gold pieces Weapons a - a +0 battle-axe (weapon in hands) b - a +0 orcish short sword (alternate weapon; not wielded) h - a +0 sling k - 10 cursed -1 darts t - a +0 elven dagger v - 4 blessed +2 daggers (in quiver) Armor n - a cursed +0 banded mail (being worn) y - an uncursed +0 dwarvish cloak (being worn) Comestibles c - 4 uncursed food rations f - an uncursed egg Scrolls i - an uncursed scroll of fire m - an uncursed scroll of genocide Potions p - a potion of unholy water Rings q - a cursed ring of hunger Wands r - a wand of enlightenment (0:13) Tools o - an uncursed brass lantern (0:1041) s - an uncursed tin whistle w - a +0 pick-axe x - 2 uncursed wax candles (0:400) A - 2 uncursed tallow candles (0:200) Gems e - an uncursed worthless piece of red glass z - 3 uncursed worthless pieces of black glass Spells and supernatural/magical abilities: Name Level Category Fail Memory W - pray for help -- divine ? -- Your skills at the end: Fighting Skills bare handed combat [Basic] Weapon Skills axe [Basic] short sword [Basic] Spellcasting Skills Final Attributes: You were piously aligned. You were poison resistant. You had infravision. You are dead. Vanquished creatures: a large mimic 2 small mimics a gnome king 2 gnome lords 3 dwarves a hill orc a rabid rat a wererat an iguana a coyote a hobbit a green mold 8 gnomes a gecko 4 jackals 2 foxes 6 sewer rats 4 grid bugs 2 bats 2 newts 45 creatures vanquished. Voluntary challenges: You were an atheist. You used a wielded weapon 44 times, starting on turn 137. You read items or engraved 3 times, starting on turn 209. You never genocided any monsters. You never polymorphed an object. You never changed form. You used no wishes. You never split a pudding. You never wrote Elbereth's name. You never violated your personal moral code. Dungeon overview: The Dungeons of Doom: levels 1 to 3 Level 1 a fountain a long staircase Level 2 a general store Level 3 stairs to The Gnomish Mines The Gnomish Mines: levels 4 to 5 Level 4 stairs to The Dungeons of Doom Level 5 <- You were here History has recorded: On T:1 you entered the Dungeons of Doom to retrieve the Amulet of Yendor! On T:417 you reached level 2 of The Dungeons of Doom. On T:472 you advanced to experience level 2. On T:484 you advanced to experience level 3. On T:498 you advanced to experience level 4. On T:703 you reached level 3 of The Dungeons of Doom. On T:981 you advanced to experience level 5. On T:1123 you reached level 1 of The Gnomish Mines. On T:1303 you reached level 2 of The Gnomish Mines. Score breakdown: Gold: 336 ( 8598 points) Experience: 5 levels (11141 points) Exploration: 5 levels ( 10.00%) ( 8571 points) Discoveries: 0 items ( 0.00%) ( 0 points) Valuables value: (no points given unless you survive) Artifact value: 0 ( 0 points) Variety of kills: 20 monsters ( 5.25%) ( 6873 points) Turncount: 1345 turns ( 0 points) Survival: died (score multiplied by 80%) Total score: 28146 Latest messages: You kill the gnome! You miss the mind flayer. The mind flayer hits! The mind flayer's tentacles suck you! Your brain is eaten! You feel stupid! The mind flayer's tentacles suck you! Your brain is eaten! You feel stupid! The mind flayer misses. The gnome lord hits! (2x) You hear some noises. You hear some noises in the distance. You hear some noises. The mind flayer concentrates. A wave of psychic energy locks on to your mind! You hear some noises in the distance. Stupid bites the gnome lord. The gnome lord misses stupid. You miss the mind flayer. Stupid misses the gnome lord. The mind flayer hits! The mind flayer's tentacles suck you! Your brain is eaten! You feel very stupid! You die... Final status: Goodbye nyob the Barbarian, killed by a mind flayer... You died in The Gnomish Mines on dungeon level 5 with 28146 points, and 336 pieces of gold, after 1345 moves. You were level 5 with a maximum of 35 hit points when you died.